 Dungeon Crawl Stone Soup version 0.31-a0-1082-g7d1fb776a8 (webtiles) character file.

Game seed: 3185706911832758519

95 Dirtsage the Insei (level 4, -2/37 HPs)
             Began as a Demonspawn Monk on Nov 27, 2023.
             Slain by a black bear (5 damage)
             ... on level 3 of the Dungeon.
             The game lasted 00:02:27 (1796 turns).

Dirtsage the Insei (Demonspawn Monk)                Turns: 1796, Time: 00:02:28

Health: -2/37      AC:  5    Str: 13    XL:     4   Next: 40%
Magic:  4/4        EV: 13    Int: 11    God:
Gold:   97         SH:  4    Dex: 16    Spells: 3/3 levels left

rFire   . .          .
                       - Unarmed
rCold   . . .        c - orb {light}
rNeg    . . .        a - +0 robe
rPois   .            (helmet restricted)
rElec   .            (no cloak)
rCorr   .            h - +0 pair of gloves
SInv    +            (no boots)
Will    .....        (no amulet)
Stlth   +            S - ring of see invisible
HPRegen 0.26/turn    f - ring of flight
MPRegen 0.09/turn

%: no passive effects
@: flying, glowing
A: antennae 1, thin metallic scales 1, condensation shield
a: no special abilities


You were on level 3 of the Dungeon.
You visited 1 branch of the dungeon, and saw 3 of its levels.

You collected 97 gold pieces.

Inventory:

Armour
 a - a +0 robe (worn)
 c - an orb of light (worn)
 h - a +0 pair of gloves (worn)
Jewellery
 f - a ring of flight (right hand)
 j - an amulet of magic regeneration
 S - a ring of see invisible (left hand)
Scrolls
 d - a scroll of fog {unknown}
 e - 3 scrolls of identify {unknown}
 k - a scroll of fear {unknown}
 l - a scroll of teleportation {unknown}
Potions
 b - a potion of ambrosia
 g - 2 potions of curing {unknown}
 i - a potion of magic {unknown}


   Skills:
 + Level 3.8 Fighting
 - Level 2.6 Dodging
 * Level 4.2 Unarmed Combat


You had 3 spell levels left.
You didn't know any spells.
Your spell library was empty.

Dungeon Overview and Level Annotations

Branches:
Dungeon (3/15)

Altars:


Innate Abilities, Weirdness & Mutations

You have a pair of small antennae on your head.
You are partially covered in thin metallic scales. (AC +2)
A meltable shield of frost defends you. (SH +4)


Message History

The black bear claws you but does no damage.
You hit the black bear.
The black bear is heavily wounded.
The black bear barely misses you. The black bear claws you.
The black bear claws you but does no damage.
You take 1 damage, and have 27/37 hp.
You barely miss the black bear.
The black bear is heavily wounded.
The black bear barely misses you. The black bear claws you. x2
You take 3 damage, and have 24/37 hp.
You hit the black bear.
The black bear is severely wounded.
The black bear barely misses you. The black bear claws you.
The black bear misses you.
You take 2 damage, and have 22/37 hp.
You completely miss the black bear.
The black bear is severely wounded.
The black bear bites you. The black bear claws you.
The black bear claws you but does no damage.
You punch the black bear!
The black bear is almost dead.
The black bear goes berserk!
You take 9 damage, and have 13/37 hp.
MASSIVE DAMAGE!!
You hit the black bear.
The black bear is almost dead.
The black bear bites you.
* * * LOW HITPOINT WARNING * * *
The black bear claws you.
* * * LOW HITPOINT WARNING * * *
The black bear misses you.
You take 7 damage, and have 6/37 hp.
You hit the black bear.
The black bear is almost dead.
The black bear bites you but does no damage.
The black bear claws you.
* * * LOW HITPOINT WARNING * * *
The black bear claws you.
* * * LOW HITPOINT WARNING * * *
The black bear bites you.
You die...

#.........#.)...#
##.#.......#.<####
#..#.......#..####
#..#.##....#....>.
#..#.##.#....)####
#..#.##....##.# #
#.##.#..#.....#
#.#.##.#. #######
#.h@.# #.#### #..
#. #. #


You could see a black bear (berserk).

Vanquished Creatures
  3 adders (D:2)
  2 worms
  3 dart slugs
  An orc (D:3)
  A ball python (D:1)
  6 bats
  3 endoplasms
  A giant cockroach (D:1)
  9 goblins
  2 hobgoblins (D:2)
  4 jackals (D:2)
  2 quokkas
  A frilled lizard (D:1)
  10 kobolds
  8 rats
56 creatures vanquished.

Notes
Turn   | Place    | Note
-------+----------+-------------------------------------------
     0 | D:1      | Dirtsage the Demonspawn Monk began the quest for the Orb.
     0 | D:1      | Reached XP level 1. HP: 18/18 MP: 1/1
   121 | D:1      | Reached skill level 3 in Unarmed Combat
   155 | D:1      | Gained mutation: You are partially covered in thin metallic
                  | scales. (AC +2) [demonic ancestry]
   155 | D:1      | Reached XP level 2. HP: 17/24 MP: 2/2
   928 | D:2      | Gained mutation: You have a pair of small antennae on your
                  | head. [demonic ancestry]
   928 | D:2      | Reached XP level 3. HP: 18/29 MP: 3/3
  1295 | D:2      | Reached skill level 4 in Unarmed Combat
  1295 | D:2      | Gained mutation: A meltable shield of frost defends you.
                  | (SH +4) [demonic ancestry]
  1295 | D:2      | Reached XP level 4. HP: 36/37 MP: 4/4
  1629 | D:3      | Found a faded altar of an unknown god.
  1780 | D:3      | Noticed a black bear
  1796 | D:3      | Slain by a black bear

Illustrated notes

Levels and vault maps discovered:
D:1:      scummos_arrival_simple_fountains, layout_loops_ring,
          lexackson_kobold_supper
D:2:      layout_basic
D:3:      layout_basic, mainiacjoe_overflow_six_doors_small,
          ebering_ecumenical_altar_box, ebering_ghost_gozag

Skill      XL: |  1  2  3 |
---------------+----------+-----
Unarmed Combat | 3 4 |  4.2
Fighting       | |  3.8
Dodging        | |  2.6

Action                     |  1- 3 |  4- 6 || total
---------------------------+-------+-------++-------
  Melee: Unarmed           |   126 |    63 ||   189
 Armour: Robe              |    63 |    60 ||   123
  Dodge: Dodged            |    82 |    48 ||   130

Table legend: (Time is in decaauts)
 A = Elapsed time spent in this place.
 B = Non-inter-level travel time spent in this place.
 C = Inter-level travel time spent in this place.
 D = Time resting spent in this place.
 E = Time spent auto-exploring this place.
 F = Levels seen in this place.
 G = Mean time per level.
                   A        B        C        D        E       F      G
               +--------+--------+--------+--------+--------+-----+--------+
         Total |   1781 |   1714 |     67 |      0 |   1343 |   3 |  593.7 |
       Dungeon |   1781 |   1714 |     67 |      0 |   1343 |   3 |  593.7 |
               +--------+--------+--------+--------+--------+-----+--------+

Top non-repeatable levels by time:
     D:1: 847 daAuts
     D:2: 754 daAuts
     D:3: 179 daAuts
